 Dungeon Crawl Stone Soup version 0.25.0-11-g1f837a76a1 (webtiles) character file.

Game seed: 202387805849970403

558 Delamore the Skirmisher (level 7, -1/70 HPs)
             Began as a Gargoyle Fighter on June 27, 2020.
             Slain by a fire bat (4 damage)
             ... on level 4 of the Dungeon.
             The game lasted 00:03:27 (3543 turns).

Delamore the Skirmisher (Gargoyle Fighter)          Turns: 3543, Time: 00:03:28

Health: -1/70      AC: 23    Str: 21    XL:     7   Next: 31%
Magic:  7/7        EV:  2    Int:  9    God:
Gold:   288        SH:  9    Dex:  9    Spells: 6/6 levels left

rFire    + . .     SeeInvis .   p - +1 whip (elec)
rCold    + . .     Gourm    .   c - +0 kite shield
rNeg     + + +     Faith    .   (armour currently unavailable)
rPois    ∞         Spirit   .   (helmet currently unavailable)
rElec    +         Reflect  .   (cloak currently unavailable)
rCorr    +         Harm     .   (gloves currently unavailable)
MR       .....     Clarity  +   (boots currently unavailable) Stlth +.........NoTele +
                                (no amulet)
HPRegen  0.21/turn              o - ring of resist corrosion
MPRegen  0.10/turn              (no ring)

@: tree-form, resistant, hasted, very quick
A: repulsion field 1, clarity, negative energy resistance 1, petrification
resistance, rot immunity, AC +4
a: no special abilities


You were on level 4 of the Dungeon.
You were not hungry.
You were a tree.
You visited 1 branch of the dungeon, and saw 4 of its levels.

You collected 288 gold pieces.

Inventory:

Hand Weapons
 p - a +1 whip of electrocution (weapon)
Missiles
 n - 20 poisoned darts (quivered)
 s - 2 throwing nets
Armour
 b - a +0 scale mail (melded)
 c - a +0 kite shield (worn)
Jewellery
 o - a ring of resist corrosion (left branch)
 v - an uncursed ring of fire
Scrolls
 a - a scroll of teleportation {unknown}
 e - 4 scrolls of remove curse
 i - a scroll of identify
 k - a scroll of blinking {unknown}
 m - a scroll of enchant weapon {unknown}
 r - a scroll of amnesia {unknown}
Potions
 d - 2 potions of might
 g - a potion of ambrosia
 h - a potion of berserk rage {unknown}
 j - a potion of lignification
Comestibles
 f - 7 rations


   Skills:
 + Level 6.7 Fighting
 + Level 5.6 Maces & Flails
 - Level 3.2 Armour
 - Level 3.2 Shields


You had 6 spell levels left.
You didn't know any spells.
Your spell library was empty.

Dungeon Overview and Level Annotations

Branches:
Dungeon (4/15)
 Temple: D:4-7

Altars:
Hepliaklqana
Ru
Xom

Shops:
D:4 (

Annotations:
D:4 1 transporter


Innate Abilities, Weirdness & Mutations

You are resistant to torment.
((Your stone body is resilient. (AC +4)))
You are immune to poison.
You resist negative energy. (rN+)
((You are resistant to electric shocks. (rElec)))
((You can survive without breathing.))
You are immune to petrification.
You are immune to rotting.
You are surrounded by a mild repulsion field. (EV +2)
You possess an exceptional clarity of mind.
((Your movements are slightly less encumbered by armour. (ER -2)))


Message History

The fire bat bites you.
* * * LOW HITPOINT WARNING * * *
You are engulfed in flames.
You resist.
* * * LOW HITPOINT WARNING * * *
It was a potion of lignification.
You turn into a tree.
Your +0 scale mail melds into your body.
Your roots penetrate the ground.
The fire bat bites you but does no damage. x2
It was a potion of mutation.
You feel extremely strange.
Your thoughts seem clearer.
You feel less encumbered by your armour.
You begin to radiate repulsive energy.
The fire bat bites you but does no damage. x2
It was a potion of haste.
You feel yourself speed up. The fire bat bites you.
* * * LOW HITPOINT WARNING * * *
You are engulfed in flames.
You resist.
* * * LOW HITPOINT WARNING * * *
The fire bat bites you but does no damage.
The fire bat bites you.
You die...

#.## #.○°(©%.○°# #.####
##.# #°°°$?$°○°# ##.# #.#
#..☼...°☼°# ##(## #.##
#☼○○○°○☼○.######...# ##.#
#.°°°☼○○..##.......## #.#
###°☼☼####..=....... #.##
#######°°...°°########....
###.###.....#○°#.#○○#
##.....
#.#........##°b♣b.○○#
##......
#.....#######°○#©#°°#
##....... ##...###
#°°○○°○○# ##........
#.....## #○☼○○☼○°#
#......... #......#
######### #.........
#......## #..©.#
##........ ........#
#....# #........ ........#
###.## ##....... .....>..#
#.# ##......


You could see 2 fire bats.

Vanquished Creatures
  Grinder (D:4)
  A scorpion (D:4)
  A crimson imp (D:2)
  A hound (D:4)
  An orc wizard (D:3)
  Natasha (thrice) (D:4)
  4 gnolls
  3 adders
  A shadow imp (D:4)
  An ooze (D:3)
  2 adder skeletons (D:4)
  A worm (D:3)
  3 leopard geckos
  7 orcs
  A ball python (D:3)
  7 bats
  3 giant cockroaches
  5 hobgoblins
  A jackal (D:3)
  5 kobolds
  A quokka (D:2)
  7 frilled lizards
  A goblin (D:2)
  5 rats
66 creatures vanquished.

Notes
Turn   | Place    | Note
-------+----------+-------------------------------------------
     0 | D:1      | Delamore the Gargoyle Fighter began the quest for the Orb.
     0 | D:1      | Reached XP level 1. HP: 14/14 MP: 1/1
   538 | D:2      | Reached XP level 2. HP: 18/19 MP: 2/2
   748 | D:2      | Reached XP level 3. HP: 22/24 MP: 3/3
   839 | D:2      | Reached skill level 4 in Fighting
  1275 | D:2      | Reached XP level 4. HP: 29/30 MP: 4/4
  1851 | D:3      | Reached XP level 5. HP: 30/34 MP: 5/5
  1864 | D:3      | Reached skill level 5 in Fighting
  2207 | D:3      | Found a shimmering altar of Xom.
  2213 | D:3      | Found a shimmering altar of Xom.
  2213 | D:3      | Found a shimmering altar of Xom.
  2214 | D:3      | Found a shimmering altar of Xom.
  2214 | D:3      | Found a shimmering altar of Xom.
  2449 | D:3      | Found a sacrificial altar of Ru.
  2684 | D:4      | Found a transporter.
  2689 | D:4      | Noticed a fire bat
  2689 | D:4      | Noticed a fire bat
  2798 | D:4      | Noticed Natasha
  2805 | D:4      | Killed Natasha
  2805 | D:4      | Reached XP level 6. HP: 40/40 MP: 6/6
  2806 | D:4      | Found a hazy altar of Hepliaklqana.
  2809 | D:4      | Noticed Grinder
  2819 | D:4      | Killed Grinder
  2819 | D:4      | Reached skill level 6 in Fighting
  2819 | D:4      | Reached skill level 5 in Maces & Flails
  2891 | D:4      | Reached XP level 7. HP: 42/47 MP: 7/7
  3121 | D:4      | Found Fuip's Weapon Shoppe.
  3168 | D:4      | Noticed Natasha
  3170 | D:4      | Killed Natasha
  3251 | D:4      | Noticed Natasha
  3256 | D:4      | Killed Natasha
  3399 | D:4      | Found a transporter.
  3542 | D:4      | Gained mutation: You possess an exceptional clarity of
                  | mind. [potion of mutation]
  3542 | D:4      | Gained mutation: Your movements are slightly less
                  | encumbered by armour. (ER -2) [potion of mutation]
  3542 | D:4      | Gained mutation: You are surrounded by a mild repulsion
                  | field. (EV +2) [potion of mutation]
  3543 | D:4      | HP: 3/70 [fire bat (3)]
  3543 | D:4      | Slain by a fire bat

Illustrated notes

Levels and vault maps discovered:
D:1:      wander_arrival_estate, layout_basic
D:2:      layout_loops_ring
D:3:      layout_rooms, nicolae_ru_great_annihilating_truth, xom_redecorated
D:4:      gammafunk_cloud_chamber, layout_cave_pods, old_standard_altar,
          serial_shops, shop, uniq_natasha, uniq_grinder

Skill      XL: |  1  2  3  4  5  6 |
---------------+-------------------+-----
Fighting       | 4 5 6 |  6.7
Maces & Flails | 3 4 5 |  5.6
Armour         | |  3.2
Shields        | |  3.2

Action                   |  1- 3 |  4- 6 |  7- 9 || total
-------------------------+-------+-------+-------++-------
Melee: Flail             |   129 |    76 |       ||   205
       Whip              |       |    88 |    19 ||   107
  Use: Potion            |       |       |     4 ||     4
       Scroll            |       |       |     2 ||     2
 Stab: Paralysed         |       |     1 |       ||     1
  Eat: Chunk             |     1 |     2 |     2 ||     5
       Ration            |       |     1 |       ||     1
Armor: Scale mail        |    66 |   126 |    16 ||   208
       Skin              |       |       |     5 ||     5
Dodge: Dodged            |    53 |    64 |    10 ||   127
Block: Kite shield       |    55 |   131 |    10 ||   196
